 Dungeon Crawl Stone Soup version 0.31-a0-355-g57cb03d3e8 (webtiles) character file.

Game seed: 6003257018313896386

95 Dordric the Shooter (level 4, -1/26 HPs)
             Began as a Tengu Hunter on July 24, 2023.
             Slain by a goblin
             ... wielding a +0 club
             ... led by Robin
              (4 damage)
             ... on level 3 of the Dungeon.
             The game lasted 00:01:38 (1789 turns).

Dordric the Shooter (Tengu Hunter)                  Turns: 1789, Time: 00:01:39

Health: -1/26      AC:  3    Str: 11    XL:     4   Next: 65%
Magic:  5/5        EV: 12    Int: 10    God:
Gold:   234        SH:  0    Dex: 25    Spells: 3/3 levels left

rFire   . . .        a - +0 shortbow
rCold   . . .        (shield currently unavailable)
rNeg    . . .        c - +0 leather armour
rPois   .            (helmet restricted)
rElec   .            (no cloak)
rCorr   .            (no gloves)
SInv    .            (boots unavailable)
Will    .....        m - amulet of the acrobat
Stlth   ++           h - +6 ring of dexterity
HPRegen 0.24/turn    (no ring)
MPRegen 0.09/turn

%: acrobat
@: no status effects
A: beak, talons 3
a: no special abilities


You were on level 3 of the Dungeon.
You visited 1 branch of the dungeon, and saw 3 of its levels.

You collected 234 gold pieces.

Inventory:

Hand Weapons
 a - a +0 shortbow (weapon)
Armour
 c - a +0 leather armour (worn)
Jewellery
 h - a +6 ring of dexterity (left hand)
 m - an amulet of the acrobat (around neck)
Scrolls
 b - a scroll of butterflies
 f - a scroll of identify
 i - a scroll of torment
 j - a scroll of poison {unknown}
 l - a scroll of teleportation {unknown}
 n - 3 scrolls of enchant weapon {unknown}
Potions
 d - a potion of berserk rage {unknown}
 e - 2 potions of might {unknown}
 g - a potion of degeneration {unknown}
 k - a potion of haste {unknown}


   Skills:
 - Level 2.0 Fighting
 + Level 6.5 Ranged Weapons
 - Level 2.1 Dodging
 - Level 1.0 Stealth


You had 3 spell levels left.
You didn't know any spells.
Your spell library contained the following spells:

 Spells                   Type           Power      Damage    Failure   Level
 Ignite Poison            Fire/Tmut/Pois 0%         N/A       83%         3
 Sticky Flame             Conj/Fire      0%         2d3       99%         4
 Ignition                 Fire           0%         3d3       100%        8


Dungeon Overview and Level Annotations

Branches:
Dungeon (3/15)

Altars:
Makhleb

Shops:
D:2 ?

Annotations:
D:3 Robin


Innate Abilities, Weirdness & Mutations

You have a beak for a mouth.
You have claws for feet.


Message History

The goblin hits you with a +0 club. Robin barely misses you.
You are too injured to fight recklessly!
You are too injured to fight recklessly!
You are too injured to fight recklessly!
You are too injured to fight recklessly!
You are too injured to fight recklessly!
You are too injured to fight recklessly!
You are too injured to fight recklessly!
You are too injured to fight recklessly!
You are too injured to fight recklessly!
You are too injured to fight recklessly!
You are too injured to fight recklessly!
You are too injured to fight recklessly!
You are too injured to fight recklessly!
You are too injured to fight recklessly!
You are too injured to fight recklessly!
You are too injured to fight recklessly!
You are too injured to fight recklessly!
You are too injured to fight recklessly!
You are too injured to fight recklessly!
You are too injured to fight recklessly!
You are too injured to fight recklessly!
You are too injured to fight recklessly!
You are too injured to fight recklessly!
You are too injured to fight recklessly!
You are too injured to fight recklessly!
You are too injured to fight recklessly!
You are too injured to fight recklessly!
You are too injured to fight recklessly!
You shoot an arrow.
The arrow hits Robin but does no damage.
Robin is lightly wounded.
The goblin hits you with a +0 club.
* * * LOW HITPOINT WARNING * * *
Robin hits you with a +0 club.
* * * LOW HITPOINT WARNING * * *
You shoot an arrow. The arrow hits Robin.
Robin is moderately wounded.
Robin closely misses you. The goblin hits you with a +0 club.
You die...

#.# #.#
#####.####
####.....<...
#........####
#.##.#####
#.##.#
########.##.#
#gg@g....##.#
#g#########.#
.. #.# ...
#.# .). ..#
#. #


You could see Robin, a hobgoblin (strong) and 2 goblins.

Vanquished Creatures
  An adder (D:2)
  A worm (D:2)
  2 dart slugs
  9 endoplasms
  2 giant cockroaches
  10 goblins
  7 hobgoblins
  12 jackals
  3 quokkas (D:1)
  2 ball pythons (D:1)
  7 bats
  4 frilled lizards
  5 kobolds
  3 rats
68 creatures vanquished.

Notes
Turn   | Place    | Note
-------+----------+-------------------------------------------
     0 | D:1      | Dordric the Tengu Hunter began the quest for the Orb.
     0 | D:1      | Reached XP level 1. HP: 12/12 MP: 2/2
    91 | D:1      | Reached XP level 2. HP: 14/17 MP: 3/3
   154 | D:1      | Reached skill level 5 in Ranged Weapons
   271 | D:1      | Reached XP level 3. HP: 21/21 MP: 4/4
   984 | D:2      | Found a burning altar of Makhleb.
  1095 | D:2      | Found Dicines's Magic Scroll Shop.
  1233 | D:2      | Reached skill level 6 in Ranged Weapons
  1244 | D:2      | Reached XP level 4. HP: 26/26 MP: 5/5
  1702 | D:3      | Found a faded altar of an unknown god.
  1770 | D:3      | Noticed Robin
  1789 | D:3      | Slain by a goblin

Illustrated notes

Levels and vault maps discovered:
D:1:      sevenhm_arrival_forest_fort_small_5, layout_basic,
          minmay_small_reverse_x
D:2:      layout_basic, serial_shops, nicolae_shop_stone, basic_altar,
          minmay_gold_behind_fungi
D:3:      layout_loops_ring, mainiacjoe_overflow_catch_the_wave,
          shapermc_ecumenical_altar_mp_urbaneastern, kennysheep_another_room,
          uniq_terence, uniq_robin

Skill      XL: |  1  2  3 |
---------------+----------+-----
Ranged Weapons | 5 6 |  6.5
Fighting       | |  2.0
Dodging        | |  2.1
Stealth        | |  1.0

Action                     |  1- 3 |  4- 6 || total
---------------------------+-------+-------++-------
   Fire: Shortbow          |   132 |    51 ||   183
    Use: Scroll            |     1 |       ||     1
 Armour: Leather armour    |    12 |     1 ||    13
  Dodge: Dodged            |    35 |    14 ||    49

Table legend: (Time is in decaauts)
 A = Elapsed time spent in this place.
 B = Non-inter-level travel time spent in this place.
 C = Inter-level travel time spent in this place.
 D = Time resting spent in this place.
 E = Time spent auto-exploring this place.
 F = Levels seen in this place.
 G = Mean time per level.
                   A        B        C        D        E       F      G
               +--------+--------+--------+--------+--------+-----+--------+
         Total |   1822 |   1799 |     23 |      0 |   1479 |   3 |  607.3 |
       Dungeon |   1822 |   1799 |     23 |      0 |   1479 |   3 |  607.3 |
               +--------+--------+--------+--------+--------+-----+--------+

Top non-repeatable levels by time:
     D:1: 912 daAuts
     D:2: 742 daAuts
     D:3: 167 daAuts
